 Dungeon Crawl Stone Soup version 0.30.0-5-g1a98f26d00 (webtiles) character file.

Game seed: 16085591017863042529

21 backslashecho the Charlatan (level 2, -1/16 HPs)
             Began as a Deep Elf Artificer on May 11, 2023.
             Slain by a worm (11 damage)
             ... on level 2 of the Dungeon.
             The game lasted 00:02:49 (810 turns).

backslashecho the Charlatan (Deep Elf Artificer)     Turns: 810, Time: 00:02:50

Health: -1/16      AC:  3    Str: 12    XL:     2   Next: 65%
Magic:  6/14       EV: 12    Int: 15    God:
Gold:   67         SH:  0    Dex: 15    Spells: 3/3 levels left

rFire   . . .        t - +5 quarterstaff of War {drain, MP+9 Str+3}
rCold   . . .        (shield currently unavailable)
rNeg    . . .        f - +0 leather armour
rPois   .            (no helmet)
rElec   .            (no cloak)
rCorr   .            (no gloves)
SInv    .            (no boots)
Will    .....        (no amulet)
Stlth   ++           (no ring)
HPRegen 0.22/turn    (no ring)
MPRegen 0.14/turn

%: no passive effects
@: no status effects
A: no striking features
a: no special abilities


You were on level 2 of the Dungeon.
You visited 1 branch of the dungeon, and saw 2 of its levels.

You collected 67 gold pieces.

Inventory:

Hand Weapons
 a - a +0 short sword
 b - a +0 sling
 t - the +5 quarterstaff of War (weapon) {drain, MP+9 Str+3}
   (You found it on level 2 of the Dungeon)

   Str:       It affects your strength (+3).
   MP:        It affects your magic capacity (+9).
Missiles
 h - 3 poisoned darts (quivered)
Armour
 f - a +0 leather armour (worn)
 o - a scarf of invisibility
Wands
 c - a wand of flame (11)
 d - a wand of charming (15)
 e - a wand of iceblast (5)
Scrolls
 i - 4 scrolls of identify {unknown}
 j - 2 scrolls of poison {unknown}
 k - a scroll of butterflies {unknown}
 m - a scroll of fog {unknown}
 n - a scroll of teleportation {unknown}
 r - a scroll of noise {unknown}
Potions
 g - a potion of degeneration {unknown}
 l - a potion of magic {unknown}
 p - a potion of brilliance {unknown}
 q - a potion of resistance {unknown}
 s - a potion of attraction {unknown}


   Skills:
 - Level 1.0 Fighting
 - Level 1.0 Armour
 + Level 2.8 Dodging
 + Level 1.9 Stealth
 + Level 1.2 Spellcasting
 + Level 3.5 Evocations


You had 3 spell levels left.
You didn't know any spells.
Your spell library contained the following spells:

 Spells                   Type           Power      Damage    Failure   Level
 Call Canine Familiar     Summ           0%         N/A       67%         3
 Dazzling Flash           Conj/Hex       0%         N/A       67%         3
 Portal Projectile        Hex/Tloc       0%         N/A       67%         3
 Volatile Blastmotes      Fire/Tloc      0%         2d10      67%         3
 Iskenderun's Mystic Bla  Conj/Tloc      0%         2d3       97%         4
 Leda's Liquefaction      Hex/Erth       0%         N/A       97%         4
 Starburst                Conj/Fire      0%         6d3       100%        6


Dungeon Overview and Level Annotations

Branches:
Dungeon (2/15)

Altars:


Message History

Press: ? - help, Shift-Dir - straight line, f/p - quokka
Aim: a quokka (moderately wounded, 60% to hit)
The puff of flame misses the quokka.
The quokka bites you but does no damage.
Aiming: Throw Flame
Press: ? - help, Shift-Dir - straight line, f/p - quokka
Aim: a quokka (moderately wounded, 60% to hit)
The puff of flame hits the quokka.
The quokka is severely wounded.
The quokka bites you.
You take 4 damage, and have 5/16 hp.
MASSIVE DAMAGE!!
Aiming: Throw Flame
Press: ? - help, Shift-Dir - straight line, f/p - quokka
Aim: a quokka (severely wounded, 60% to hit)
The puff of flame hits the quokka!
You kill the quokka!
You start resting.
You regained 4 hp, and now have 9/16 hp.
You start resting.
HP restored.
Health restored: 16
Found a scroll labelled NUOBRU DUTIHAKUA.
You pick up a book of the Hunter and begin reading...
You add the spells Call Canine Familiar, Portal Projectile and Leda's Liquefaction to your library.
r - a scroll labelled NUOBRU DUTIHAKUA
Okay, then.
s - a fuming white potion You now have 67 gold pieces (gained 6).
Found a stone staircase leading down.
Found a stone staircase leading down.
b - a +0 sling (weapon)
Found a stone staircase leading down.
There is a stone staircase leading down here.
There is a stone staircase leading down here.
You see here the +5 quarterstaff of War {drain, MP+9 Str+3}.
A ball python comes into view.
A ball python is nearby!
You see here the +5 quarterstaff of War {drain, MP+9 Str+3}.
t - the +5 quarterstaff of War {drain, MP+9 Str+3} You feel stronger.
You sense an unholy aura.
t - the +5 quarterstaff of War (weapon)
{drain, MP+9 Str+3} A worm comes into view.
You sock the worm!
The worm is heavily wounded.
The worm bites you.
You take 6 damage, and have 10/16 hp.
MASSIVE DAMAGE!!
The worm bites you!
Ouch! That really hurt!
You die...

#..... #.##. ###### ....
........ ... ........
... ........ ####### #.#
....... ....... #.#
...... ...#
######.#############...#
...#
#S......@..............#
####
#......w############...#
#......... .........>##
######.#### ########...>
### #####


You could see a worm and a ball python (asleep).

Vanquished Creatures
  A bat (D:1)
  An endoplasm (D:1)
  6 giant cockroaches (D:1)
  2 hobgoblins (D:1)
  2 quokkas
  A ball python (D:1)
  2 frilled lizards (D:1)
  A goblin (D:1)
  2 kobolds (D:1)
18 creatures vanquished.

Notes
Turn   | Place    | Note
-------+----------+-------------------------------------------
     0 | D:1      | backslashecho the Deep Elf Artificer began the quest for
                  | the Orb.
     0 | D:1      | Reached XP level 1. HP: 11/11 MP: 3/3
   214 | D:1      | Reached skill level 1 in Fighting
   258 | D:1      | Reached skill level 1 in Armour
   258 | D:1      | Reached XP level 2. HP: 15/16 MP: 4/4
   471 | D:1      | Reached skill level 1 in Spellcasting
   791 | D:2      | Identified the +5 quarterstaff of War {drain, MP+9 Str+3}
   810 | D:2      | Slain by a worm

Illustrated notes

Levels and vault maps discovered:
D:1:      wheals_arrival_shading, layout_rooms, serial_forest,
          infiniplex_forest_clump_double, infiniplex_forest_clump_long,
          infiniplex_forest_end_3, infiniplex_forest_straight_1,
          infiniplex_forest_straight_3, infiniplex_forest_lined_2,
          infiniplex_forest_clump_medium, infiniplex_forest_lined_room_,
          reono_crystal_passage, dk_noncrumbling_3, minmay_worlds_worst_comb
D:2:      layout_rooms, chequers_garden

Skill      XL: |  1  2 |
---------------+-------+-----
Fighting       | 1 |  1.0
Armour         | 1 |  1.0
Spellcasting   | 1 |  1.2
Dodging        | |  2.8
Stealth        | |  1.9
Evocations     | |  3.5

Action                     || total
---------------------------++-------
  Melee: Short sword       ||    32
         Quarterstaff      ||     1
   Fire: Sling             ||    49
  Evoke: Wand              ||     4
 Armour: Leather armour    ||    23
  Dodge: Dodged            ||    28
